 Dungeon Crawl Stone Soup version 0.29-a0-340-g6efceafd81 (webtiles) character file.

Game seed: 7022809998566203182

24 Oblizorion the Sneak (level 2, 0/22 HPs)
             Began as a Vampire Brigand on Apr 19, 2022.
             Slain by a worm (6 damage)
             ... on level 2 of the Dungeon.
             The game lasted 00:03:24 (947 turns).

Oblizorion the Sneak (Vampire Brigand)               Turns: 947, Time: 00:03:24

Health: 0/22       AC:  3    Str: 10    XL:     2   Next: 79%
Magic:  2/2        EV: 12    Int: 13    God:
Gold:   56         SH:  0    Dex: 15    Spells: 1/1 levels left

rFire   . . .      SeeInvis +   a - +2 dagger
rCold   . . .      Faith    .   (no shield)
rNeg    . . .      Spirit   .   b - +0 robe
rPois   .          Reflect  .   (no helmet)
rElec   .          Harm     .   c - +0 cloak
rCorr   .          Rampage  .   (no gloves)
Will    .....                   (no boots)
Stlth   +++.......              (no amulet)
HPRegen 0.27/turn               (no ring)
MPRegen 0.08/turn               (no ring)

@: healing quickly
A: alive, fangs 3, see invisible, vampiric 1
a: Exsanguinate


You were on level 2 of the Dungeon.
You visited 1 branch of the dungeon, and saw 2 of its levels.

You collected 56 gold pieces.

Inventory:

Hand Weapons
 a - a +2 dagger (weapon)
Missiles
 d - 7 poisoned darts (quivered)
 e - 3 curare-tipped darts
Armour
 b - a +0 robe (worn)
 c - a +0 cloak (worn)
Scrolls
 f - 2 scrolls of identify {unknown}
 h - a scroll of fog {unknown}
 j - a scroll of noise {unknown}
Potions
 g - 2 potions of ambrosia {unknown}
 i - a potion of attraction {unknown}


   Skills:
 + Level 1.8 Fighting
 + Level 2.7 Short Blades
 + Level 1.8 Throwing
 + Level 1.1 Dodging
 + Level 6.6 Stealth


You had one spell level left.
You didn't know any spells.
Your spell library was empty.

Dungeon Overview and Level Annotations

Branches:
Dungeon (2/15)

Altars:


Innate Abilities, Weirdness & Mutations

Your natural rate of healing is accelerated.
You have razor-sharp teeth.
You have supernaturally acute eyesight. (SInv)
You are afflicted with vampirism.


Message History

There is a stone staircase leading down here.
A worm comes into view.
Throw: 11 darts (poison)
Press: ? - help, Q - select action, (/) - cycle Shift-Dir - straight line, f - worm
Aim: a worm (wandering, hasn't noticed you, 77% to hit)
You throw a poisoned dart. The poisoned dart hits the worm.
Throw: 10 darts (poison)
Press: ? - help, Q - select action, (/) - cycle Shift-Dir - straight line, f/p - worm
Aim: a worm (77% to hit)
You throw a poisoned dart.
The poisoned dart barely misses the worm.
Throw: 9 darts (poison)
Press: ? - help, Q - select action, (/) - cycle Shift-Dir - straight line, f/p - worm
Aim: a worm (77% to hit)
You throw a poisoned dart. The poisoned dart hits the worm.
The worm is poisoned.
The worm looks more healthy.
Throw: 8 darts (poison)
Press: ? - help, Q - select action, (/) - cycle Shift-Dir - straight line, f/p - worm
Aim: a worm (lightly wounded, 77% to hit)
You throw a poisoned dart. The poisoned dart hits the worm.
The worm is poisoned.
The worm is lightly wounded.
There is a stone staircase leading down here.
The worm looks more healthy.
The worm bites you.
You barely miss the worm. You barely miss the worm. The worm bites you.
You hit the worm.
The worm is lightly wounded.
You hit the worm.
The worm is moderately wounded.
The worm bites you.
* * * LOW HITPOINT WARNING * * *
You hit the worm.
The worm is heavily wounded.
You hit the worm.
The worm is severely wounded.
The worm bites you.
You die...

#.###### #......# #.####.#
#.##.#.# #.#....#
#.##)######
#.##)..†..#################
#.##..###.#.............((.
#.#...#...#>.@w.....(...#
#.#...#.#.#.########.......
###.###.....#.# .......
...#.......#.#.# .......
##.#####.###.#.# .......
##.# #.# #.#.# ....... ##.#
#.# #.#.# ....... ##.# #.#
#.#.# ....... ##.# #.#
#.#.#


You could see a worm.

Vanquished Creatures
  A dart slug (D:1)
  4 bats
  5 endoplasms
  A goblin (D:1)
  2 kobolds
  2 quokkas (D:1)
  2 frilled lizards (D:1)
  3 rats (D:1)
20 creatures vanquished.

Notes
Turn   | Place    | Note
-------+----------+-------------------------------------------
     0 | D:1      | Oblizorion the Vampire Brigand began the quest for the Orb.
     0 | D:1      | Reached XP level 1. HP: 16/16 MP: 1/1
    18 | D:1      | Reached skill level 6 in Stealth
   222 | D:1      | Reached XP level 2. HP: 22/22 MP: 2/2
   947 | D:2      | Slain by a worm

Illustrated notes

Levels and vault maps discovered:
D:1:      shiori_arrival_maze, layout_basic
D:2:      layout_basic, hellmonk_ecumenical_altar_arch_garden, minmay_unequal

Skill      XL: |  1 |
---------------+----+-----
Stealth        | 6 |  6.6
Fighting       | |  1.8
Short Blades   | |  2.7
Throwing       | |  1.8
Dodging        | |  1.1

Action                   || total
-------------------------++-------
Melee: Dagger            ||    43
       Bite              ||     6
Throw: Dart              ||    19
 Stab: Sleeping          ||     3
Armor: Robe              ||    16
Dodge: Dodged            ||    19

Table legend: (Time is in decaauts)
 A = Elapsed time spent in this place.
 B = Non-inter-level travel time spent in this place.
 C = Inter-level travel time spent in this place.
 D = Time resting spent in this place.
 E = Time spent auto-exploring this place.
 F = Levels seen in this place.
 G = Mean time per level.
                   A        B        C        D        E       F      G
               +--------+--------+--------+--------+--------+-----+--------+
         Total |    939 |    932 |      7 |     71 |    536 |   2 |  469.5 |
       Dungeon |    939 |    932 |      7 |     71 |    536 |   2 |  469.5 |
               +--------+--------+--------+--------+--------+-----+--------+

Top non-repeatable levels by time:
     D:1: 705 daAuts
     D:2: 233 daAuts
